 Dungeon Crawl Stone Soup version 0.24-a0-584-g9d6b971ae4 (webtiles) character file.

Game seed: 17539941135019876062, levelgen mode: deterministic

98221 Mame the Earth Mage (level 16, 0/88 HPs)
             Began as a Gargoyle Earth Elementalist on Sept 2, 2019.
             Was a High Priest of Vehumet.
             Slain by a demonic crawler (2 damage)
             ... on level 4 of the Spider Nest on Sept 3, 2019.
             The game lasted 03:02:57 (31711 turns).

Mame the Earth Mage (Gargoyle Earth Elementalist)  Turns: 31711, Time: 03:02:58

Health: 0/88       AC: 14    Str: 13      XL:     16   Next: 21%
Magic:  5/41       EV: 14    Int: 20 (22) God:    Vehumet [*****.]
Gold:   1817       SH:  0    Dex: 10      Spells: 18/40 levels left

rFire    + + .     SeeInvis .   L - +8 whip "Snakebite" {curare, rPois}
rCold    + . .     Gourm    .   (no shield)
rNeg     + . .     Faith    .   y - +2 acid dragon scales
rPois    ∞         Spirit   .   I - +0 helmet
rElec    +         Reflect  .   s - scarf {cloud immunity}
rCorr    +         Harm     .   u - +0 pair of gloves
MR       +....                  Y - +1 pair of boots
Stlth    ++........             (no amulet)
HPRegen  0.24/turn              D - ring of magical power
MPRegen  0.27/turn              H - ring of protection from fire

@: resistant, corroded, flying
A: big wings, negative energy resistance 1, electricity resistance, unbreathing,
petrification resistance, rot immunity, AC +12
a: Stop Flying, Renounce Religion


You were on level 4 of the Spider Nest.
You worshipped Vehumet.
Vehumet was extremely pleased with you.
You were not hungry.

You visited 5 branches of the dungeon, and saw 24 of its levels.

You collected 2227 gold pieces.
You spent 410 gold pieces at shops.

Inventory:

Hand Weapons
 v - the +3 great sword "Xuagoumy" {venom, +Blink rC+ Dex+2 SInv}
   (You found it on level 6 of the Lair of Beasts)

   It poisons the flesh of those it strikes.
   It affects your dexterity (+2).
   It protects you from cold.
   It lets you see invisible.
   It lets you blink.
 L - the +8 whip "Snakebite" (weapon) {curare, rPois}
   (You found it on level 1 of the Lair of Beasts)

   It poisons the flesh of those it strikes.
   It protects you from poison.
Missiles
 o - 152 stones (quivered)
Armour
 m - the +2 buckler of Xolecis {rPois Slay+2}
   (You bought it in a shop on level 2 of the Orcish Mines)

   It affects your accuracy and damage with ranged weapons and melee attacks
   (+2).
   It protects you from poison.
 s - a scarf of cloud immunity (worn)
 u - a +0 pair of gloves (worn)
 y - +2 acid dragon scales (worn)
 I - a +0 helmet (worn)
 Y - a +1 pair of boots (worn)
Magical Staves
 F - an uncursed staff of fire
Jewellery
 g - an uncursed ring of protection from fire
 D - a ring of magical power (left hand)
 H - a ring of protection from fire (right hand)
Wands
 b - a wand of flame (32)
 i - a wand of disintegration (27)
 J - a wand of iceblast (7)
Scrolls
 h - 10 scrolls of remove curse
 k - a scroll of summoning {unknown}
 l - a scroll of torment {unknown}
 n - 2 scrolls of identify
 p - 10 scrolls of teleportation
 q - 3 scrolls of magic mapping
 w - a scroll of fog
 A - a scroll of fear {unknown}
 N - 2 scrolls of noise {unknown}
 R - a scroll of acquirement {unknown}
 W - a scroll of blinking {unknown}
Potions
 a - a potion of resistance
 e - 4 potions of might
 f - 3 potions of haste
 j - 4 potions of curing
 r - 2 potions of brilliance
 t - 2 potions of agility
Miscellaneous
 x - a phantom mirror
 B - a crystal ball of energy
 O - a fan of gales
Comestibles
 d - 7 rations


   Skills:
 - Level 6.0 Fighting
 + Level 6.8 Maces & Flails
 - Level 6.1 Armour
 + Level 7.6 Dodging
 - Level 2.4 Stealth
 - Level 4.0 Shields
 + Level 12.7 Spellcasting
 + Level 12.0 Conjurations
 - Level 0.7 Transmutations
 + Level 8.8 Fire Magic
 + Level 16.0 Earth Magic
 + Level 6.8 Evocations


You had 18 spell levels left.
You knew the following spells:

 Your Spells              Type           Power        Failure   Level  Hunger
a - Sandblast             Erth           ######       0%          1    None
b - Stone Arrow           Conj/Erth      ######       1%          3    None
c - Lee's Rapid Deconstr  Erth           ######....   1%          5    ####...
d - Bolt of Magma         Conj/Fire/Erth ######....   1%          5    ####...
e - Iron Shot             Conj/Erth      ######....   1%          6    #####..
z - Passwall              Tmut/Erth      #####...     1%          2    None

Your spell library contained the following spells:

 Spells                   Type           Power        Failure   Level  Hunger
 Conjure Ball Lightning   Conj/Air       #####.....   24%         6    #####..
 Throw Frost              Conj/Ice       #####.       1%          2    None
 Throw Icicle             Conj/Ice       #####...     1%          4    None
 Freeze                   Ice            ##..         2%          1    None
 Petrify                  Tmut/Erth      #####...     2%          4    None
 Animate Skeleton         Necr           N/A          8%          1    None
 Confusing Touch          Hex            ##....       8%          1    None
 Pain                     Necr           ##..         8%          1    None
 Summon Small Mammal      Summ           ##..         8%          1    None
 Borgnjor's Vile Clutch   Necr/Erth      #####.....   8%          5    ####...
 Call Imp                 Summ           ##......     11%         2    None
 Corpse Rot               Necr           N/A          11%         2    None
 Ensorcelled Hibernation  Hex/Ice        ##....       11%         2    None
 Spider Form              Tmut/Pois      ##........   19%         3    None
 Olgreb's Toxic Radiance  Pois           ##......     19%         4    None
 Call Canine Familiar     Summ           ##......     22%         3    None
 Confuse                  Hex            ##......     22%         3    None
 Gell's Gravitas          Tloc           ##........   22%         3    None
 Ozocubu's Armour         Chrm/Ice       ##......     22%         3    None
 Regeneration             Chrm/Necr      ##........   22%         3    None
 Summon Guardian Golem    Hex/Summ       ##......     22%         3    None
 Vampiric Draining        Necr           ##........   22%         3    None
 Yara's Violent Unravell  Hex/Tmut       ##........   41%         5    ####...
 Animate Dead             Necr           N/A          58%         4    None
 Summon Ice Beast         Ice/Summ       ##......     58%         4    None
 Summon Lightning Spire   Summ/Air       ##......     58%         4    None
 Metabolic Englaciation   Hex/Ice        ##........   90%         5    ####...
 Silence                  Hex/Air        ##........   90%         5    ####...
 Darkness                 Hex            ##........   100%        6    #####..
 Shadow Creatures         Summ           N/A          100%        6    #####..
 Simulacrum               Ice/Necr       ##........   100%        6    #####..


Dungeon Overview and Level Annotations

Branches:
Dungeon (11/15)            Temple (1/1) D:6            Lair (6/6) D:10
  Swamp (0/4) Lair:2       Spider (4/4) Lair:3        Slime (0/5) Lair:5
    Orc (2/2) D:10            Elf (0/3) Orc:2

Altars:
Ashenzari
Cheibriados
Dithmenos
Elyvilon
Fedhas
Gozag
Hepliaklqana
Kikubaaqudgha
Makhleb
Nemelex Xobeh
Okawaru
Qazlal
Ru
Sif Muna
Trog
Uskayaw
Vehumet
Wu Jian
Xom
Yredelemnul
Zin
The Shining One

Shops:
D:5 *   D:7 !   Orc:2 (=*[

Annotations:
D:8 3 runed translucent doors, Thantalas's ghost, novice DrBe
D:10 3 runed translucent doors, Amnesiac's ghost, novice DEEn
D:11 2 runed translucent doors, Josephine
Spider:2 1 runed translucent door, Ijustatesigmund's ghost, adept GnFi


Innate Abilities, Weirdness & Mutations

You are resistant to torment.
Your stone body is resilient. (AC +12)
You are immune to poison.
Your large and strong wings let you fly indefinitely.
You resist negative energy. (rN+)
You are resistant to electric shocks. (rElec)
You can survive without breathing.
You are immune to petrification.
You are immune to rotting.


Message History

The jumping spider closely misses you.
You feel much better. The redback bites you!
* * * LOW HITPOINT WARNING * * *
The entropy weaver hits you but does no damage.
The entropy weaver hits you.
* * * LOW HITPOINT WARNING * * *
The entropy weaver hits you but does no damage.
The entropy weaver hits you!
* * * LOW HITPOINT WARNING * * *
The jumping spider closely misses you. The jumping spider bites you.
* * * LOW HITPOINT WARNING * * *
The redback barely misses you.
You feel protected.
The jumping spider completely misses you.
The jumping spider bites you but does no damage.
The entropy weaver mumbles some strange words.
The redback bites you!
* * * LOW HITPOINT WARNING * * *
The demonic crawler hits you.
You die...

.# ##.#..### ###^...s...#
^### .###....# ##...s...#
##.##...#..<### ######†.#
...#....##^.^.# ### #.#...#
...#.....^.....##^# #.^..##
...^.#.#.^...###.^###..#..#
.#^..######....#.....^.#..#
###.##^...#....ssa.s..##..#
..##...#..####..@s#.#..##^#
^.....^....^.^#######.^# ##
..^..^....^....# ####
################


You could see an entropy weaver, a demonic crawler, a jumping spider, a
tarantella and a redback.

Vanquished Creatures
  An emperor scorpion (Spider:2)
  An orc warlord (Orc:1)
  3 entropy weavers
  Nessos (Orc:2)
  A fire dragon (Lair:6)
  5 hydras
  A catoblepas (Lair:5)
  Erica (Lair:2)
  A queen ant (Lair:2)
  2 two-headed ogres (D:10)
  An orc high priest (Orc:2)
  5 death yaks
  An unseen horror (D:11)
  A swamp dragon (Lair:6)
  4 oklob plants (Lair:6)
  14 orb spiders
  An ugly thing (D:11)
  6 orc knights
  17 wolf spiders
  4 orc sorcerers (Orc:2)
  A cyclops (D:11)
  A moth of wrath (Spider:1)
  Maurice (D:11)
  Psyche (D:9)
  A torpor snail (Spider:3)
  5 black mambas
  10 spiny frogs
  4 rime drakes (Lair:6)
  2 komodo dragons
  8 demonic crawlers
  A polar bear (Lair:6)
  5 hornets
  8 trolls
  26 jumping spiders
  3 meliai (Spider:2)
  2 bog bodies (Lair:2)
  5 blink frogs (Lair:5)
  4 slime creatures
  8 hippogriffs
  16 tarantellas
  A shadow (D:11)
  A vampire (D:11)
  55 redbacks
  3 basilisks
  A wyvern (D:11)
  3 wraiths
  2 hungry ghosts
  58 yaks
  A steam dragon (Lair:6)
  4 wargs
  2 acid dragons
  13 soldier ants
  16 water moccasins
  10 porcupines
  A swamp drake (Lair:6)
  2 ice beasts
  35 orc warriors
  3 sky beasts
  4 black bears
  11 ogres
  A phantom (D:7)
  3 eyes of draining
  2 necrophages
  9 wolves (Lair:6)
  3 centaurs
  18 crocodiles
  2 big kobolds
  13 bullfrogs
  A water moccasin zombie (D:11)
  3 scorpions
  A wyvern skeleton (D:9)
  5 wights
  7 killer bees
  4 electric eels
  8 jellies
  3 howler monkeys
  9 crimson imps
  2 bullfrog zombies
  A centaur zombie (D:7)
  A quasit (D:8)
  7 hounds
  A gnoll shaman (D:10)
  23 orc priests
  A bullfrog skeleton (D:5)
  A centaur skeleton (D:9)
  6 iguanas
  45 worker ants
  20 orc wizards
  2 hound skeletons
  4 worker ant zombies
  16 adders
  16 gnolls
  A howler monkey skeleton (D:7)
  4 shadow imps
  7 oozes
  An adder skeleton (D:5)
  2 adder zombies
  3 worms
  A dart slug (D:1)
  69 orcs
  3 ball pythons
  9 bats
  10 giant cockroaches
  9 goblins
  5 hobgoblins
  6 jackals
  18 kobolds
  5 quokkas
  10 frilled lizards
  A leopard gecko skeleton (D:6)
  8 rats
  A fungus (Lair:6)
  A plant (Lair:6)
821 creatures vanquished.

Vanquished Creatures (others)
  A wolf spider (Spider:2)
  A redback (Spider:3)
  A wolf (Lair:6)
  A bush (Lair:6)
  22 fungi
  23 plants
49 creatures vanquished.

Grand Total: 870 creatures vanquished

Notes
Turn   | Place    | Note
-------+----------+-------------------------------------------
     0 | D:1      | Mame the Gargoyle Earth Elementalist began the quest for
                  | the Orb.
     0 | D:1      | Reached XP level 1. HP: 10/10 MP: 3/3
   284 | D:1      | Reached XP level 2. HP: 15/15 MP: 0/5
   427 | D:1      | Reached skill level 4 in Earth Magic
   960 | D:1      | Reached XP level 3. HP: 17/19 MP: 6/6
  1282 | D:2      | Learned a level 3 spell: Stone Arrow
  1282 | D:2      | Found a white marble altar of Elyvilon.
  1352 | D:2      | Found a sacrificial altar of Ru.
  1362 | D:2      | Found a bloodstained altar of Trog.
  1365 | D:2      | Found an ornate altar of the Wu Jian Council.
  1368 | D:2      | Found a shimmering altar of Xom.
  1710 | D:2      | Found an opulent altar of Gozag.
  1734 | D:2      | Reached XP level 4. HP: 18/24 MP: 5/8
  2137 | D:2      | Found a faded altar of an unknown god.
  2299 | D:3      | Reached skill level 5 in Earth Magic
  2417 | D:3      | Reached XP level 5. HP: 21/28 MP: 7/10
  2427 | D:3      | Learned a level 2 spell: Passwall
  2641 | D:3      | Noticed an ogre
  2657 | D:3      | Killed an ogre
  2657 | D:3      | Reached skill level 6 in Earth Magic
  2657 | D:3      | Reached XP level 6. HP: 17/32 MP: 3/12
  4622 | D:5      | Entered Level 5 of the Dungeon
  4622 | D:5      | Found Zin's Purification Station.
  4698 | D:5      | Found a glowing silver altar of Zin.
  4846 | D:5      | Reached skill level 7 in Earth Magic
  4846 | D:5      | Reached XP level 7. HP: 25/36 MP: 14/14
  4896 | D:5      | Reached skill level 5 in Spellcasting
  5577 | D:5      | Reached skill level 8 in Earth Magic
  5940 | D:6      | Reached XP level 8. HP: 36/41 MP: 9/16
  6278 | D:6      | Learned a level 5 spell: Lee's Rapid Deconstruction
  6517 | D:6      | Found a staircase to the Ecumenical Temple.
  6543 | D:6      | Reached skill level 9 in Earth Magic
  6737 | Temple   | Entered the Ecumenical Temple
  6749 | Temple   | Became a worshipper of Vehumet
  7433 | D:7      | Reached skill level 10 in Earth Magic
  7433 | D:7      | Reached XP level 9. HP: 41/45 MP: 0/20
  7573 | D:7      | Noticed a troll
  7578 | D:7      | Killed a troll
  7592 | D:7      | Got a dazzling dagger
  7593 | D:7      | Identified the +7 dagger "Vogger" {freeze, Stlth+} (You
                  | found it on level 7 of the Dungeon)
  7700 | D:7      | Reached * piety under Vehumet
  7700 | D:7      | Offered knowledge of Sting by Vehumet.
  7705 | D:7      | Reached skill level 11 in Earth Magic
  8001 | D:7      | Identified the Volume of Dark Poisoning
  8004 | D:7      | Got a jewelled fustibalus
  8051 | D:7      | Reached XP level 10. HP: 50/50 MP: 2/23
  8284 | D:7      | Found Reotrur's Distillery.
  8288 | D:7      | Bought a potion of degeneration for 15 gold pieces
  8288 | D:7      | Bought a potion of heal wounds for 75 gold pieces
  8288 | D:7      | Bought a potion of curing for 45 gold pieces
  8649 | D:7      | Found a bloodstained altar of Trog.
  8658 | D:7      | Reached skill level 1 in Armour
  8663 | D:7      | Reached skill level 12 in Earth Magic
  8675 | D:7      | Reached ** piety under Vehumet
  8675 | D:7      | Offered knowledge of Freeze by Vehumet.
  8834 | D:8      | Found a runed translucent gate.
  8834 | D:8      | Found a runed translucent gate.
  8835 | D:8      | Found a runed translucent gate.
  8899 | D:8      | Reached skill level 1 in Conjurations
  9010 | D:8      | Noticed Thantalas's ghost (novice DrBe)
  9562 | D:9      | Offered knowledge of Inner Flame by Vehumet.
  9763 | D:9      | Found a snail-covered altar of Cheibriados.
 10174 | D:9      | Noticed Psyche
 10180 | D:9      | Killed Psyche
 10180 | D:9      | Reached *** piety under Vehumet
 10180 | D:9      | Reached skill level 5 in Armour
 10408 | D:10     | Entered Level 10 of the Dungeon
 10418 | D:9      | Identified the +10 fustibalus of Flawed Execution {venom,
                  | Dex+3} (You found it on level 7 of the Dungeon)
 10538 | D:10     | Found a sparkling altar of Nemelex Xobeh.
 10623 | D:10     | Reached skill level 5 in Conjurations
 10623 | D:10     | Reached XP level 11. HP: 29/54 MP: 24/24
 10624 | D:10     | Offered knowledge of Sticky Flame by Vehumet.
 10675 | D:10     | Noticed a two-headed ogre
 10680 | D:10     | Killed a two-headed ogre
 10686 | D:10     | Noticed a two-headed ogre
 10697 | D:10     | Killed a two-headed ogre
 10700 | D:10     | Reached skill level 10 in Spellcasting
 10871 | D:10     | Reached skill level 13 in Earth Magic
 10875 | D:10     | Reached **** piety under Vehumet
 11084 | D:10     | Offered knowledge of Bolt of Magma by Vehumet.
 11131 | D:10     | Learned a level 5 spell: Bolt of Magma
 11149 | D:10     | Reached skill level 1 in Fighting
 11264 | D:10     | Found a staircase to the Orcish Mines.
 11300 | D:10     | Found a staircase to the Lair.
 11422 | D:10     | Found a runed translucent gate.
 11424 | D:10     | Found a runed translucent gate.
 11425 | D:10     | Noticed Amnesiac's ghost (novice DEEn)
 11426 | D:10     | Found a runed translucent gate.
 11573 | D:11     | Noticed Maurice
 11577 | D:11     | Killed Maurice
 11605 | D:11     | Noticed a red ugly thing
 11613 | D:11     | Killed a red ugly thing
 11613 | D:11     | Reached skill level 1 in Fire Magic
 11781 | D:11     | Killed an unseen horror
 11781 | D:11     | Reached XP level 12. HP: 13/65 MP: 8/26
 12185 | D:11     | Found a runed translucent door.
 12185 | D:11     | Noticed an ice dragon
 12187 | D:11     | Found the +2 shield of Resistance {rF+ rC+ MR+}
 12188 | D:11     | Noticed a fire dragon
 12188 | D:11     | Noticed an ice dragon
 12188 | D:11     | Noticed a fire dragon
 12231 | D:11     | Found a runed translucent door.
 12256 | D:11     | Noticed Josephine
 12560 | D:11     | Reached ***** piety under Vehumet
 12568 | D:11     | Offered knowledge of Iron Shot by Vehumet.
 12622 | D:11     | Learned a level 6 spell: Iron Shot
 13127 | Lair:1   | Entered Level 1 of the Lair of Beasts
 13212 | Lair:1   | Reached skill level 5 in Fighting
 13677 | Lair:1   | Got a transparent robe
 14015 | Lair:1   | Found the +8 whip "Snakebite" {curare, rPois}
 14371 | Lair:2   | Noticed an eight-headed hydra
 14377 | Lair:2   | Killed an eight-headed hydra
 14723 | Lair:2   | Noticed Erica
 14734 | Lair:2   | Killed Erica
 14735 | Lair:2   | Reached skill level 14 in Earth Magic
 15038 | Lair:2   | Found a staircase to the Swamp.
 15041 | Lair:2   | Reached XP level 13. HP: 74/74 MP: 21/28
 15253 | Lair:2   | Reached skill level 1 in Evocations
 15438 | Lair:3   | Offered knowledge of Freezing Cloud by Vehumet.
 15764 | Lair:3   | Found a hole to the Spider Nest.
 15873 | Lair:3   | Reached skill level 5 in Fire Magic
 16111 | Lair:3   | Identified the +1 robe of Nessi {+Fly SInv Stlth+} (You
                  | found it on level 1 of the Lair of Beasts)
 17419 | Lair:4   | Reached skill level 5 in Dodging
 17645 | Lair:5   | Reached skill level 1 in Maces & Flails
 18093 | Lair:5   | Reached skill level 10 in Conjurations
 18153 | Lair:5   | You fall into a shaft and drop 1 floor!
 18153 | Lair:6   | Entered Level 6 of the Lair of Beasts
 18213 | Lair:5   | Found a staircase to the Slime Pits.
 18700 | Lair:5   | Got a warped large shield
 18762 | Lair:5   | Got a steaming hand axe
 19024 | Lair:6   | Gained mutation: Your large and strong wings let you fly
                  | indefinitely. [Gargoyle growth]
 19024 | Lair:6   | Reached XP level 14. HP: 80/80 MP: 28/29
 19044 | Lair:6   | Offered knowledge of Bolt of Draining by Vehumet.
 20131 | Lair:6   | Reached skill level 15 in Earth Magic
 20580 | Lair:2   | Identified the +6 large shield of Parts Unknown {rN+} (You
                  | found it on level 5 of the Lair of Beasts)
 20768 | Lair:6   | Got a brightly glowing great sword
 20774 | Lair:6   | Identified the cursed +3 great sword "Xuagoumy" {venom,
                  | +Blink rC+ Dex+2 SInv} (You found it on level 6 of the Lair
                  | of Beasts)
 20954 | Orc:1    | Entered Level 1 of the Orcish Mines
 21647 | Orc:2    | Entered Level 2 of the Orcish Mines
 22977 | Orc:2    | Paralysed by an orc sorcerer for 5 turns
 23184 | Orc:2    | Found Caima's Antique Weapon Emporium.
 23300 | Orc:2    | Reached skill level 5 in Evocations
 23466 | Orc:2    | Found Aruuduyc's Jewellery Emporium.
 23662 | Orc:2    | Noticed Nessos
 23739 | Orc:2    | Killed Nessos
 23739 | Orc:2    | Reached skill level 5 in Maces & Flails
 24010 | Orc:2    | Found a staircase to the Elven Halls.
 24045 | Orc:2    | Found Matty's General Store.
 24065 | Orc:2    | Noticed an orc warlord
 24250 | Orc:1    | Killed an orc warlord
 24250 | Orc:1    | Reached XP level 15. HP: 74/84 MP: 7/31
 24423 | Orc:2    | Found Icsoxz Xural's Antique Armour Shop.
 24431 | Orc:2    | Bought a transparent buckler for 275 gold pieces
 24735 | Lair:2   | Identified the +2 buckler of Xolecis {rPois Slay+2} (You
                  | bought it in a shop on level 2 of the Orcish Mines)
 24808 | Spider:1 | Entered Level 1 of the Spider Nest
 24837 | Lair:3   | Reached skill level 1 in Shields
 25092 | Spider:1 | Offered knowledge of Spellforged Servitor by Vehumet.
 27906 | Spider:2 | Offered knowledge of Conjure Ball Lightning by Vehumet.
 28168 | Spider:2 | Found a runed translucent door.
 28169 | Spider:2 | Noticed Ijustatesigmund's ghost (adept GnFi)
 30442 | Spider:3 | Noticed an emperor scorpion
 30540 | Spider:3 | Reached XP level 16. HP: 88/88 MP: 30/32
 31370 | Spider:4 | Entered Level 4 of the Spider Nest
 31378 | Spider:4 | Reached skill level 16 in Earth Magic
 31711 | Spider:4 | HP: 2/88 [redback (8)]
 31711 | Spider:4 | Slain by a demonic crawler

Levels and vault maps discovered:
D:1:      erik_arrival_cave_to_civilisation [erik_arrival_cave_to_temple],
          layout_basic
D:2:      layout_rooms, grunt_gozag_statues, grunt_temple_overflow_cloverleaf,
          chequers_ecumenical_altar_lobes, first_ration, elyvilon_altar_5
D:3:      layout_basic
D:4:      layout_loops_corners
D:5:      layout_gridville, zin_purify
D:6:      layout_rooms, minmay_temple_entry_junction, water_boxes_lemuel
D:7:      minmay_the_grid_octo_tiled_octocenter [minmay_the_grid_octo_checkered,
          minmay_the_grid_octo_concentric, minmay_the_grid_octo_thin_diamonds,
          minmay_the_grid_octo_chip, minmay_the_grid_octo_prize_star,
          minmay_the_grid_square_5x5_misaligned,
          minmay_the_grid_square_5x5_one_wall,
          minmay_the_grid_square_5x5_pentomino_r,
          minmay_the_grid_square_5x5_three], layout_loops_ring, serial_shops,
          shop_fountains, trog_eyes_of_draining
D:8:      layout_cave_pools, gammafunk_ghost_necromancy
D:9:      layout_loops_cross, nicolae_overflow_crystal_walls,
          hangedman_little_slice_of_home, minmay_misc_feat_iff, uniq_psyche
D:10:     layout_long_grid, due_lair_maze_entry_diamond, orc_0_dummy,
          basic_altar, ebering_ghost_rock_garden, onia_ninara_cookie
D:11:     layout_basic, nrook_uturn, minmay_guarded_unrand_resistance,
          uniq_maurice, uniq_josephine
Temple:   nicolae_temple_no_exploring_needed
Lair:1:   minmay_guarded_unrand_snakebite, layout_long_grid, minmay_holes,
          beast_lair_carwin_8
Lair:2:   layout_cave_pods, skrybe_swamp_entry_bodies, uniq_erica
Lair:3:   layout_cave_pods, spider_nest_entry_a, zaba_anthell
Lair:4:   layout_small_grid, minivault_27
Lair:5:   layout_gridlike, minmay_slime_entry_pillars
Lair:6:   guppyfry_lair_end_dragon, layout_concentric_octagons,
          minmay_lair_oklob_chamber, serial_bayou_shore_a,
          infiniplex_staircase_pool
Spider:1: layout_spider_delve
Spider:2: layout_spider_delve, ebering_ghost_reflecting_pool
Spider:3: layout_spider_delve, nicolae_spider_cling_halls
Spider:4: johnstein_spider_rune_arachne_lair
Orc:1:    layout_caves, nicolae_orc_stony_grotto
Orc:2:    grunt_orc_gardens, layout_caves, grunt_orc_garden, grunt_orc_garden,
          grunt_orc_garden, grunt_orc_garden, portal_ice_cave_entry_pillars_1,
          uniq_nessos

Skill      XL: |  1  2  3  4  5  6  7  8  9 10 11 12 13 14 15 16 |
---------------+-------------------------------------------------+-----
Earth Magic    | 4 5 6 7 8 10 11 12 13 14 15 16 | 16.0
Spellcasting   | 3 4 5 7 9 10 11 12 | 12.7
Armour         | 5 6 |  6.1
Conjurations   | 5 7 9 10 11 12 | 12.0
Fighting       | 3 6 |  6.0
Dodging        | 2 4 5 6 7 |  7.6
Fire Magic     | 1 4 6 7 8 |  8.8
Evocations     | 3 5 6 |  6.8
Maces & Flails | 2 5 6 |  6.8
Shields        | 4 |  4.0
Stealth        | |  2.4
Transmutations | |  0.7

Action                   |  1- 3 |  4- 6 |  7- 9 | 10-12 | 13-15 | 16-18 || total
-------------------------+-------+-------+-------+-------+-------+-------++-------
Melee: Unarmed           |     9 |       |       |       |       |       ||     9
       Dagger            |    44 |   115 |    86 |   111 |    53 |       ||   409
       Whip              |       |       |       |       |    89 |     4 ||    93
 Cast: Sandblast         |    35 |    40 |    40 |   199 |   275 |     5 ||   594
       Stone Arrow       |       |    23 |    55 |    49 |   243 |    34 ||   404
       Lee's Rapid Decon |       |       |    20 |    78 |   153 |    17 ||   268
       Passwall          |       |       |       |     1 |       |       ||     1
       Bolt of Magma     |       |       |       |     3 |       |       ||     3
       Iron Shot         |       |       |       |     7 |   137 |    21 ||   165
 Abil: Fly               |       |       |       |       |     1 |       ||     1
Evoke: Crystal ball of e |       |       |       |       |     1 |       ||     1
       Wand              |       |       |       |       |     1 |       ||     1
  Use: Scroll            |       |     1 |     4 |     6 |    17 |       ||    28
       Potion            |       |       |       |       |    10 |     4 ||    14
 Stab: Sleeping          |     2 |     2 |       |     2 |       |       ||     6
       Distracted        |       |     1 |       |       |       |       ||     1
  Eat: Chunk             |     3 |     9 |    10 |    31 |    52 |     3 ||   108
       Ration            |       |     1 |     2 |     2 |    18 |     3 ||    26
Armor: Robe              |    30 |    51 |    39 |       |       |       ||   120
       Acid dragon scale |       |       |       |   117 |   510 |    83 ||   710
Dodge: Dodged            |    68 |    97 |    70 |   125 |   569 |    87 ||  1016

Table legend:
 A = Non-vault XP
 B = Vault XP
 C = Vault XP percentage of total XP
 D = Non-vault monster count
 E = Vault monster count
 F = Vault count percentage of total count
                 A         B        C        D         E       F
            +---------+---------+-------+---------+---------+-------
      Total |  104110 |   36207 |  25.8 |     623 |     198 |  24.1
            +---------+---------+-------+---------+---------+-------
        D:1 |      34 |       4 |  10.5 |      21 |       2 |   8.7
        D:2 |      53 |       0 |   0.0 |      19 |       0 |   0.0
        D:3 |     308 |       0 |   0.0 |      35 |       0 |   0.0
        D:4 |      99 |       0 |   0.0 |      10 |       0 |   0.0
        D:5 |     614 |       0 |   0.0 |      21 |       0 |   0.0
        D:6 |     840 |       0 |   0.0 |      25 |       0 |   0.0
        D:7 |     441 |    2785 |  86.3 |      10 |      37 |  78.7
        D:8 |     926 |       0 |   0.0 |      23 |       0 |   0.0
        D:9 |    2077 |     606 |  22.6 |      30 |       9 |  23.1
       D:10 |    4459 |    2655 |  37.3 |      37 |      21 |  36.2
       D:11 |    4521 |     914 |  16.8 |      38 |       3 |   7.3
     Lair:1 |    3231 |    2598 |  44.6 |      17 |      17 |  50.0
     Lair:2 |    4099 |    2824 |  40.8 |      16 |       8 |  33.3
     Lair:3 |   11955 |    3059 |  20.4 |      32 |      46 |  59.0
     Lair:4 |    3799 |       0 |   0.0 |       9 |       0 |   0.0
     Lair:5 |    4188 |     841 |  16.7 |      11 |       4 |  26.7
     Lair:6 |   11414 |    9269 |  44.8 |      54 |      23 |  29.9
   Spider:1 |    9905 |       0 |   0.0 |      29 |       0 |   0.0
   Spider:2 |   16216 |       0 |   0.0 |      45 |       0 |   0.0
   Spider:3 |   12739 |       0 |   0.0 |      45 |       0 |   0.0
   Spider:4 |    5891 |       0 |   0.0 |      16 |       0 |   0.0
      Orc:1 |    3406 |    2419 |  41.5 |      38 |       4 |   9.5
      Orc:2 |    2895 |    8233 |  74.0 |      42 |      24 |  36.4
            +---------+---------+-------+---------+---------+-------
